 Dungeon Crawl Stone Soup version bcrawl-1.21.2-1-g32d02e0829 (webtiles) character file.

Game seed: 4097717829968846908

5151 Mrkan the Fighter (level 10, -2/91 HPs)
             Began as a Hill Orc Fighter on Feb 23, 2020.
             Was a Priest of Qazlal.
             Slain by a basilisk (4 damage)
             ... while petrified by a basilisk
             ... on level 8 of the Dungeon.
             The game lasted 00:13:42 (8140 turns).

Mrkan the Fighter (Hill Orc Fighter)                Turns: 8140, Time: 00:13:42

Health: -2/91      AC: 23    Str: 21 (22) XL:     10   Next: 59%
Magic:  10/16      EV:  2    Int:  8      God:    Qazlal [***...]
Gold:   742        SH:  0    Dex: 11      Spells: 9/9 levels left

rFire    . . .     SeeInvis .   s - +2 falchion (holy)
rCold    . . .     Gourm    .   c - +0 shield
rNeg     + + +     Faith    .   C - +0 crystal plate armour
rPois    ∞         Spirit   .   (no helmet)
rElec    .         Reflect  .   b - +1 cloak
rCorr    .         Harm     .   p - +0 pair of gloves
MR       .....                  (no boots)
Stlth    ..........             (no amulet)
HPRegen  0.25/turn              (no ring)
MPRegen  0.15/turn              (no ring)

@: petrified
A: no striking features
a: Upheaval, Elemental Force, Renounce Religion, Convert to Beogh


You were on level 8 of the Dungeon.
You worshipped Qazlal.
Qazlal was most pleased with you.
You were hungry.

You visited 1 branch of the dungeon, and saw 8 of its levels.
You also visited: Bailey.

You collected 742 gold pieces.

Inventory:

Hand Weapons
 a - a +0 trident
 s - a +2 falchion of holy wrath (weapon)
 z - a +0 morningstar
 D - a +1 quarterstaff of protection
 E - a +4 scimitar of freezing
Armour
 b - a +1 cloak (worn)
 c - a +0 shield (worn)
 k - a +0 plate armour
 p - a +0 pair of gloves (worn)
 C - a +0 crystal plate armour (worn)
Magical Staves
 q - an uncursed staff of death {unknown}
Jewellery
 t - a +3 ring of evasion {unknown}
 A - an uncursed amulet of guardian spirit {unknown}
 B - an uncursed amulet of faith {unknown}
Wands
 r - a wand of random effects (5)
 y - a wand of acid (17)
Scrolls
 f - 7 scrolls of identify {unknown}
 g - 5 scrolls of enchant weapon {unknown}
 h - 2 scrolls of teleportation {unknown}
 j - 2 scrolls of fear {unknown}
 m - 2 scrolls of enchant armour {unknown}
 x - 3 scrolls of amnesia {unknown}
Potions
 i - 2 potions of agility
 l - a potion of resistance {unknown}
 n - a potion of invisibility
 u - a potion of degeneration
 v - a potion of brilliance {unknown}
 w - a potion of magic {unknown}
Comestibles
 e - 18 rations {!d}


   Skills:
 * Level 9.4 Fighting
   Level 9.4 Short Blades
   Level 9.4 Long Blades
   Level 9.4 Axes
   Level 9.4 Maces & Flails
   Level 9.4 Polearms
   Level 9.4 Staves
 + Level 8.4 Armour
 + Level 8.4 Shields
   Level 9.4 Unarmed Combat
 + Level 8.0 Invocations


You had 9 spell levels left.
You didn't know any spells.
Your spell library contained the following spells:

 Spells                   Type           Power        Failure   Level  Hunger
 Freeze                   Ice            #.....       100%        1    ##.....
 Throw Frost              Conj/Ice       #.....       100%        2    ###....
 Ozocubu's Armour         Chrm/Ice       #.......     100%        3    ####...
 Summon Ice Beast         Ice/Summ       #.......     100%        4    #####..
 Throw Icicle             Conj/Ice       #.......     100%        4    #####..


Dungeon Overview and Level Annotations

Branches:
Dungeon (8/12)             Temple (0/1) D:5            Lair (0/6) D:8
    Orc: D:8-11

Altars:
Ashenzari
Cheibriados
Dithmenos
Fedhas
Lugonu
Qazlal
Vehumet
Xom


Message History

The hippogriff claws you but does no damage.
The basilisk bites you but does no damage.
The basilisk barely misses you. The orc hits you with a +0 club.
* * * LOW HITPOINT WARNING * * *
The basilisk bites you but does no damage.
The hippogriff bites you.
* * * LOW HITPOINT WARNING * * *
The hippogriff pecks you but does no damage.
The hippogriff claws you.
* * * LOW HITPOINT WARNING * * *
The basilisk bites you. The orc hits you but does no damage.
The orc priest invokes the aid of Beogh against you.
Beogh smites you!
* * * LOW HITPOINT WARNING * * *
The hippogriff bites you but does no damage.
The hippogriff pecks you but does no damage.
The hippogriff claws you but does no damage.
The basilisk bites you but does no damage.
The basilisk bites you!
You die...

#.....
......
#.P..P.
.......
##..)....
#S..?.>..
#oHg.....
#@lg.....
#l#.?...P
#o# .....
#..o#
....
###.# ..#
##. ## .
.# .#


You could see a hippogriff, 2 basilisks, an orc warrior, an orc priest, 2
gnolls, an adder and an orc.

Vanquished Creatures
  An ugly thing (D:7)
  An elephant (D:8)
  A troll (D:7)
  Sigmund (D:2)
  A vampire (D:7)
  A spriggan (D:7)
  11 orc warriors
  A black bear (D:6)
  A phantom (D:4)
  3 sky beasts
  2 ogres
  10 centaurs
  2 big kobolds
  2 scorpions (D:4)
  4 wights (D:7)
  4 crimson imps
  A bullfrog zombie (D:5)
  A bullfrog skeleton (D:4)
  A jelly (D:7)
  Crazy Yiuf (D:3)
  4 hounds
  An orc wizard (D:3)
  An iguana (D:4)
  3 worker ants
  A killer bee zombie (D:5)
  2 hound skeletons
  A hound zombie (D:5)
  8 adders
  A howler monkey skeleton (D:4)
  4 shadow imps (D:5)
  An ooze (D:2)
  3 worms
  A dart slug (D:3)
  6 leopard geckos
  51 orcs
  7 ball pythons
  6 bats
  4 giant cockroaches
  10 hobgoblins
  14 jackals
  16 kobolds
  3 quokkas
  4 frilled lizards
  7 goblins
  4 rats
213 creatures vanquished.

Notes
Turn   | Place    | Note
-------+----------+-------------------------------------------
     0 | D:1      | Mrkan the Hill Orc Fighter began the quest for the Orb.
     0 | D:1      | Reached XP level 1. HP: 20/20 MP: 1/1
    95 | D:1      | Reached XP level 2. HP: 27/27 MP: 2/2
   340 | D:1      | Reached XP level 3. HP: 34/34 MP: 3/3
   962 | D:2      | Found a shimmering altar of Xom.
  1054 | D:2      | Found a shimmering altar of Xom.
  1055 | D:2      | Found a shimmering altar of Xom.
  1056 | D:2      | Found a shimmering altar of Xom.
  1075 | D:2      | Noticed Sigmund
  1093 | D:2      | Killed Sigmund
  1093 | D:2      | Reached skill level 5 in Fighting
  1093 | D:2      | Reached XP level 4. HP: 3/42 MP: 4/4
  1093 | D:2      | Reached XP level 5. HP: 4/48 MP: 5/5
  1385 | D:2      | Found a stormy altar of Qazlal.
  1500 | D:2      | Reached XP level 6. HP: 56/56 MP: 6/6
  1745 | D:2      | Became a worshipper of Qazlal Stormbringer
  2382 | D:3      | Reached * piety under Qazlal
  2411 | D:3      | Reached skill level 1 in Invocations
  2540 | D:3      | Found a corrupted altar of Lugonu.
  2615 | D:3      | Found a snail-covered altar of Cheibriados.
  2744 | D:3      | Found a runed door.
  2906 | D:3      | Noticed Crazy Yiuf
  2911 | D:3      | Killed Crazy Yiuf
  2911 | D:3      | Reached skill level 5 in Shields
  3006 | D:4      | Reached XP level 7. HP: 62/62 MP: 8/8
  3017 | D:4      | Reached skill level 5 in Armour
  3029 | D:4      | Reached skill level 6 in Fighting
  3084 | D:4      | Found a radiant altar of Vehumet.
  3089 | D:4      | Found a blossoming altar of Fedhas.
  3629 | D:4      | Reached XP level 8. HP: 69/71 MP: 10/10
  3718 | D:5      | Entered Level 5 of the Dungeon
  3920 | D:5      | Found a staircase to the Ecumenical Temple.
  3943 | D:5      | Reached ** piety under Qazlal
  3992 | D:5      | Reached skill level 7 in Fighting
  4814 | D:6      | Reached skill level 5 in Invocations
  4832 | D:6      | Reached XP level 9. HP: 25/79 MP: 12/12
  5448 | D:7      | Noticed a green ugly thing
  5467 | D:7      | Killed a green ugly thing
  5815 | D:7      | Reached skill level 8 in Fighting
  5858 | D:7      | Reached *** piety under Qazlal
  5958 | D:7      | Found a flagged portal.
  5967 | Bailey   | Entered a bailey
  6404 | Bailey   | Reached XP level 10. HP: 59/90 MP: 15/15
  6622 | Bailey   | HP: 4/90 [orc warrior/+0 trident (8)]
  7064 | Bailey   | Reached skill level 9 in Fighting
  7944 | D:7      | Found a shattered altar of Ashenzari.
  7946 | D:7      | Found a shadowy altar of Dithmenos.
  8090 | D:8      | Found a staircase to the Lair.
  8090 | D:8      | Noticed an elephant
  8118 | D:8      | Killed an elephant
  8139 | D:8      | HP: 2/91 [orc priest/divine providence (4)]
  8140 | D:8      | Slain by a basilisk

Skill      XL: |  1  2  3  4  5  6  7  8  9 10 |
---------------+-------------------------------+-----
Fighting       | 5 6 7 8 9 |  9.4
Armour         | 4 5 6 7 8 |  8.4
Shields        | 4 5 6 7 8 |  8.4
Invocations    | 1 3 5 6 8 |  8.0
Short Blades   | |  9.4
Long Blades    | |  9.4
Axes           | |  9.4
Maces & Flails | |  9.4
Polearms       | |  9.4
Staves         | |  9.4
Unarmed Combat | |  9.4

Action                   |  1- 3 |  4- 6 |  7- 9 | 10-12 || total
-------------------------+-------+-------+-------+-------++-------
Melee: Trident           |   134 |   175 |       |       ||   309
       Falchion          |       |    12 |   555 |   202 ||   769
Invok: Upheaval          |       |       |     1 |     4 ||     5
  Use: Potion            |       |       |       |     6 ||     6
  Eat: Chunk             |     1 |     6 |    11 |     6 ||    24
Armor: Scale mail        |    86 |    36 |       |       ||   122
       Plate armour      |       |    73 |   212 |       ||   285
       Skin              |       |     1 |       |       ||     1
       Crystal plate arm |       |       |    44 |   258 ||   302
Dodge: Dodged            |    37 |    38 |    75 |    25 ||   175
Block: Shield            |    88 |   114 |   487 |   210 ||   899
